 Dungeon Sprint DCSS version 0.16-a0-44-gd96af6c (webtiles) character file.

644 BluebellGnoll the Bludgeoner (level 7, -10/88 HPs)
             Began as an Ogre Hunter on Aug 5, 2014.
             Was a Believer of Okawaru.
             Mangled by a hill giant
             ... wielding a +0 giant club
              (35 damage)
             ... in the Dungeon (Sprint IX: "|||||||||||||||||||||||||||||").
             The game lasted 00:02:24 (170 turns).

BluebellGnoll the Bludgeoner (Ogre Hunter)           Turns: 170, Time: 00:02:24

HP -10/88        AC 10     Str 21      XL: 7   Next: 52%
MP   7/7         EV 10     Int 10      God: Okawaru [**....]
Gold 0           SH  0     Dex 12      Spells:  0 memorised,  6 levels left

rFire  . . .     SeeInvis .     o - +2 dire flail (protect)
rCold  . . .     Clarity  .     d - +0 animal skin
rNeg   . . .     rCorr    .     (shield restricted)
rPois  .         rRot     .     (helmet restricted)
rElec  .         Spirit   .     (no cloak)
SustAb .         Warding  .     (gloves unavailable)
rMut   .         NoTele   +     (boots unavailable)
Gourm  .                        (no amulet)
MR     .....                    q - +2 ring of protection
                                p - +3 ring of strength

@: not resistant to hostile enchantments, very unstealthy
A: unfitting armour, tough skin 1
a: Heroism, Renounce Religion


You were in the Dungeon.
You worshipped Okawaru.
Okawaru was pleased with you.
You were not hungry.

You visited 1 branch

Inventory:

Hand weapons
 a - a +1 club
 o - a +2 dire flail of protection (weapon)
Missiles
 c - 2 throwing nets (quivered)
Armour
 d - a +0 animal skin (worn)
Magical devices
 n - a wand of cold (4)
Comestibles
 f - a meat ration
Scrolls
 k - 2 scrolls of blinking
 l - 3 scrolls of remove curse
 m - 2 scrolls of amnesia
Jewellery
 p - a +3 ring of strength (left hand)
 q - a +2 ring of protection (right hand)
Potions
 e - 5 potions of curing
 g - 3 potions of heal wounds
 h - a potion of invisibility
 i - 4 potions of magic
 j - a potion of berserk rage


   Skills:
 * Level 11.5 Fighting
 * Level 16.0 Maces & Flails
 - Level 4.3 Throwing
 - Level 1.7 Dodging
 - Level 0.7 Stealth


You had 6 spell levels left.
You didn't know any spells.

Dungeon Overview and Level Annotations

Branches:
Dungeon (1/1)

Altars:
Cheibriados
Dithmenos
Elyvilon
Fedhas
Gozag
Kikubaaqudgha
Makhleb
Nemelex Xobeh
Okawaru
Qazlal
Sif Muna
Trog
Vehumet
Xom
Yredelemnul
Zin
The Shining One
Beogh
Jiyva
Lugonu


Innate Abilities, Weirdness & Mutations

You are too large for most types of armour.
You have tough skin (AC +1).


Message History

The steam dragon is heavily wounded.
This wand has 5 charges left.
Unknown command.
Evoke which item? (* to show all) (? for menu, Esc to quit)
Zapping:
n - a wand of cold (5)
Press: ? - help, Shift-Dir - straight line, f/p - hill giant
Aim: a hill giant, wielding a giant club (lightly wounded)
The bolt of cold hits the hill giant.
The hill giant is heavily wounded.
The bolt of cold hits the rat.
You kill the rat!
Okawaru accepts your kill.
The bolt of cold hits the steam dragon.
You kill the steam dragon!
Okawaru appreciates your kill.
Your Fighting skill increases to level 11!
Your Maces & Flails skill increases to level 16!
This wand has 4 charges left.
The hill giant hits you with a giant club!!
You die... ▓▓▓▓▓▓▓▓▓▓▓▓▓▓▓▓▓▓▓▓▓▓▓▓▓ _______'..|)[[[.@C(.....+ ▓▓▓▓▓▓▓▓▓▓▓▓▓▓▓▓▓▓▓▓▓▓▓▓▓

You could see a hill giant.

Vanquished Creatures
  A hill giant (D)
  A steam dragon (D)
  An ogre (D)
  A shadow imp (D)
  2 hobgoblins (D)
  A bat (D)
  A giant newt (D)
  A goblin (D)
  2 kobolds (D)
  A kobold skeleton (D)
  2 rats (D)
  A rat zombie (D)
15 creatures vanquished.

Notes
Turn   | Place    | Note
--------------------------------------------------------------
     0 | D        | BluebellGnoll, the Ogre Hunter, began the quest for the Orb.
     0 | D        | Reached XP level 1. HP: 22/22 MP: 1/1
    32 | D        | Noticed an ogre
    45 | D        | Killed an ogre
    45 | D        | Reached skill level 11 in Maces & Flails
    45 | D        | Reached XP level 2. HP: 25/29 MP: 2/2
    45 | D        | Reached XP level 3. HP: 31/36 MP: 3/3
    45 | D        | Reached XP level 4. HP: 37/44 MP: 4/4
    68 | D        | Found a glowing silver altar of Zin.
    68 | D        | Found a glowing golden altar of the Shining One.
    68 | D        | Found an ancient bone altar of Kikubaaqudgha.
    68 | D        | Found a basalt altar of Yredelemnul.
    68 | D        | Found a shimmering altar of Xom.
    68 | D        | Found a radiant altar of Vehumet.
    68 | D        | Found an iron altar of Okawaru.
    69 | D        | Found a burning altar of Makhleb.
    70 | D        | Found a deep blue altar of Sif Muna.
    71 | D        | Found a bloodstained altar of Trog.
    72 | D        | Found a sparkling altar of Nemelex Xobeh.
    73 | D        | Found a white marble altar of Elyvilon.
    74 | D        | Found a roughly hewn altar of Beogh.
    75 | D        | Found a viscous altar of Jiyva.
    76 | D        | Found a corrupted altar of Lugonu.
    77 | D        | Became a worshipper of Warmaster Okawaru
   128 | D        | Found a blossoming altar of Fedhas.
   129 | D        | Found a snail-covered altar of Cheibriados.
   130 | D        | Found a shadowy altar of Dithmenos.
   131 | D        | Found a stormy altar of Qazlal.
   132 | D        | Found an opulent altar of Gozag.
   161 | D        | Noticed a hill giant
   161 | D        | Noticed a hill giant
   161 | D        | Noticed a steam dragon
   167 | D        | Killed a hill giant
   167 | D        | Acquired Okawaru's first power
   167 | D        | Reached skill level 10 in Fighting
   167 | D        | Reached skill level 15 in Maces & Flails
   167 | D        | Reached XP level 5. HP: 20/70 MP: 5/5
   167 | D        | Reached XP level 6. HP: 22/79 MP: 6/6
   167 | D        | Reached XP level 7. HP: 24/87 MP: 7/7
   170 | D        | Killed a steam dragon
   170 | D        | Reached skill level 16 in Maces & Flails
   170 | D        | Mangled by a hill giant

Action                   |  1- 3 |  4- 6 |  7- 9 || total
-------------------------+-------+-------+-------++-------
Melee: Club              |    27 |     8 |       ||    35
       Dire flail        |       |     1 |       ||     1
Throw: Large rock        |     4 |     5 |     1 ||    10
       Throwing net      |       |     1 |       ||     1
Evoke: Wand              |       |     1 |     2 ||     3
  Use: Potion            |     1 |       |       ||     1
 Stab: Held in net/web   |       |     1 |       ||     1
